 Dungeon Crawl Stone Soup version 0.21-a0-401-g0b6bec4 (webtiles) character file.

20 Mitsuki the Insei (level 2, 0/21 HPs)
             Began as a Merfolk Transmuter on Oct 22, 2017.
             Slain by a hobgoblin (5 damage)
             ... led by Robin
             ... on level 2 of the Dungeon.
             The game lasted 00:02:13 (1042 turns).

Mitsuki the Insei (Merfolk Transmuter)              Turns: 1042, Time: 00:02:14

Health: 0/21       AC:  2    Str: 10    XL:     2   Next: 79%
Magic:  4/5        EV: 13    Int: 12    God:
Gold:   103        SH:  0    Dex: 14    Spells: 4/5 levels left

rFire    . . .     SeeInvis .   e - +0 spear
rCold    . . .     Gourm    .   (no shield)
rNeg     . . .     Faith    .   b - +0 robe
rPois    .         Spirit   .   (no helmet)
rElec    .         Reflect  .   (no cloak)
rCorr    .         Harm     .   (no gloves)
MR       .....                  (no boots)
Stlth    +.........             (no amulet)
HPRegen  0.07/turn              (no ring)
MPRegen  0.09/turn              (no ring)

@: appendage
A: change form in water, swift swim, stealthy swim, horns 2
a: End Transformation


You were on level 2 of the Dungeon.
You were hungry.
You had grown temporary horns.
You visited 1 branch of the dungeon, and saw 2 of its levels.

You collected 103 gold pieces.

Inventory:

Hand Weapons
 e - a +0 spear (weapon)
Missiles
 a - 36 arrows
Armour
 b - a +0 robe (worn)
Scrolls
 f - 3 scrolls of identify {unknown}
 g - a scroll of blinking {unknown}
 h - a scroll of recharging {unknown}
 k - a scroll of amnesia {unknown}
 l - a scroll of remove curse {unknown}
 m - a scroll of enchant armour {unknown}
Potions
 j - 2 potions of agility {unknown}
Books
 c - a book of Changes

   Spells                             Type                      Level
   a - Beastly Appendage              Transmutation                1
   b - Sticks to Snakes               Transmutation                2
   c - Spider Form                    Transmutation/Poison         3
   d - Ice Form                       Ice/Transmutation            4
   e - Blade Hands                    Transmutation                5
Comestibles
 d - a bread ration
 i - a royal jelly
 n - 3 chunks of flesh


   Skills:
 - Level 1.1 Fighting
 - Level 2.6 Dodging
 + Level 3.8 Unarmed Combat
 - Level 2.0 Spellcasting
 + Level 3.6 Transmutations


You had 4 spell levels left.
You knew the following spells:

 Your Spells              Type           Power        Failure   Level  Hunger
a - Beastly Appendage     Tmut           #.....       6%          1    ##.....


Dungeon Overview and Level Annotations

Branches:
Dungeon (2/15)

Altars:

Annotations:
D:2 Sigmund


Innate Abilities, Weirdness & Mutations

You revert to your normal form in water.
You are very nimble and swift while swimming.
You are very stealthy in the water. (Stealth+)
You have a pair of horns on your head.


Message History

You hit the hobgoblin.
You kill the hobgoblin!
Your transformation is almost over.
The hobgoblin hits you. The goblin hits you with a dagger.
A goblin comes into view. It is wielding a dagger of venom.
You take 6 damage, and have 9/21 hp.
MASSIVE DAMAGE!!
You are too injured to fight recklessly!
MP restored: 5
Casting: Beastly Appendage
Confirm with . or Enter, or press ? or * to list all spells.
You extend your transformation's duration.
The hobgoblin hits you but does no damage.
You now have 4/5 mp.
You hit the hobgoblin but do no damage. The hobgoblin hits you.
You take 3 damage, and have 7/21 hp.
You hit the hobgoblin but do no damage. The hobgoblin hits you.
* * * LOW HITPOINT WARNING * * *
You take 2 damage, and have 5/21 hp.
You closely miss the hobgoblin. The hobgoblin hits you.
You die...

# ....# #########
.#.# #........
..#+### .....#
#)...$# #(##.#
#.....# ..# .# #.
#g....# ..##.#....
#g#.### ..((......
#g#... ...#.###..
#@##### ..(# # #.
#.# ...# #.# #.#
.).# # #.# #.#
...# #. #.# #.#
...# #. #.# #.#
...# #..#.# #.#
#..#.###..#.####.#
...#.............#


You could see a hobgoblin and 2 goblins.

Vanquished Creatures
  A dart slug (D:2)
  3 goblins (D:2)
  4 hobgoblins
  2 kobolds (D:1)
  4 bats
  A frilled lizard (D:2)
  A rat (D:1)
16 creatures vanquished.

Notes
Turn   | Place    | Note
-------+----------+-------------------------------------------
     0 | D:1      | Mitsuki the Merfolk Transmuter began the quest for the Orb.
     0 | D:1      | Reached XP level 1. HP: 15/15 MP: 3/3
   232 | D:1      | Reached XP level 2. HP: 17/21 MP: 3/5
   837 | D:2      | Noticed Sigmund
  1042 | D:2      | Slain by a hobgoblin

Vault maps used:
D:1:      dpeg_arrival_pond, minmay_tromino_v4_c
D:2:      lemuel_crystal_altar, uniq_sigmund, uniq_robin

Skill      XL: |  1 |
---------------+----+-----
Transmutations | 3 |  3.6
Fighting       | |  1.1
Dodging        | |  2.6
Unarmed Combat | |  3.8
Spellcasting   | |  2.0

Action                   || total
-------------------------++-------
Melee: Spear             ||    53
       Headbutt          ||     2
 Cast: Beastly Appendage ||     8
 Stab: Sleeping          ||     1
       Distracted        ||     1
Armor: Robe              ||    12
Dodge: Dodged            ||    30

Table legend:
 A = Spawn XP
 B = Non-spawn XP
 C = Spawn XP percentage of total XP
 D = Spawn monster count
 E = Non-spawn monster count
 F = Spawn count percentage of total count
 G = Total turns spent on level
                    A         B        C        D         E        F      G
               +---------+---------+-------+---------+---------+-------+---------
         Total |       0 |      29 |   0.0 |       0 |      16 |   0.0 |  1042
               +---------+---------+-------+---------+---------+-------+---------
           D:1 |       0 |      12 |   0.0 |       0 |       8 |   0.0 |   734
           D:2 |       0 |      17 |   0.0 |       0 |       8 |   0.0 |   308
               +---------+---------+-------+---------+---------+-------+---------
